 Dungeon Crawl Stone Soup version 0.31.0-12-g77e489cdc1 (webtiles) character file.

Game seed: 10364047893074658589

1070 Gadfly the Covered (level 8, -1/66 HPs)
             Began as an Armataur Fighter on Mar 1, 2024.
             Was a Follower of Elyvilon.
             Slain by a wraith (3 damage)
             ... on level 5 of the Dungeon.
             The game lasted 00:05:29 (4577 turns).

Gadfly the Covered (Armataur Fighter)               Turns: 4577, Time: 00:05:29

Health: -1/66      AC: 11    Str: 22    XL:     8   Next: 7%
Magic:  11/11      EV:  4    Int:  9    God:    Elyvilon [*.....]
Gold:   273        SH:  6    Dex: 11    Spells: 7/7 levels left

rFire   . . .        b - +1 whip (flame)
rCold   . . .        c - +1 buckler
rNeg    . . .        q - +0 plate armour
rPois   .            j - +0 helmet
rElec   .            (no cloak)
rCorr   .            (no gloves)
SInv    .            (no barding)
Will    .....        (no amulet) Stlth
                     (no ring)
HPRegen 0.31/turn    (no ring)
MPRegen 0.12/turn

%: roll
@: lethally poisoned (-1 -> -5), slowed, very slow
A: large, deformed body, tough skin 3, armoured tail, roll 2
a: Renounce Religion, Purification


You were on level 5 of the Dungeon.
You worshipped Elyvilon.
Elyvilon was aware of your devotion.
You visited 1 branch of the dungeon, and saw 5 of its levels.

You collected 353 gold pieces.
You spent 80 gold pieces at shops.

Inventory:

Hand Weapons
 a - a +0 flail
 b - a +1 whip of flaming (weapon)
Armour
 c - a +1 buckler (worn)
 j - a +0 helmet (worn)
 q - a +0 plate armour (worn)
Wands
 n - a wand of light (8) (quivered)
 p - a wand of roots (6)
Scrolls
 g - a scroll of revelation
 h - 2 scrolls of identify
 k - 2 scrolls of fear
 m - a scroll of vulnerability
 o - a scroll of poison
 r - a scroll of fog {unknown}
 s - a scroll of summoning {unknown}
 t - a scroll of immolation {unknown}
Potions
 d - a potion of might
 e - a potion of curing
 f - a potion of cancellation {unknown}
 i - a potion of resistance
 l - a potion of brilliance {unknown}


   Skills:
 + Level 4.0 Fighting
 * Level 4.3 Maces & Flails
 + Level 5.1 Armour
 + Level 4.7 Shields
 * Level 4.1 Invocations
 * Level 4.2 Evocations


You had 7 spell levels left.
You didn't know any spells.
Your spell library contained the following spells:

 Spells                   Type           Power      Damage    Failure   Level
 Jinxbite                 Hex            0%         N/A       100%        2
 Sublimation of Blood     Necr           0%         N/A       100%        2
 Petrify                  Alch/Erth      0%         N/A       100%        4
 Irradiate                Conj/Alch      0%         3d11      100%        5
 Yara's Violent Unravell  Hex/Alch       0%         3d3       100%        5
 Enfeeble                 Hex            0%         N/A       100%        7


Dungeon Overview and Level Annotations

Branches:
Dungeon (5/15)             Temple (0/1) D:5

Altars:
Elyvilon
Kikubaaqudgha
Uskayaw
Xom

Shops:
D:1 !


Innate Abilities, Weirdness & Mutations

Armour fits poorly on your strangely shaped body.
You have extremely tough skin. (AC +3)
You have a long armoured tail.
You regenerate magic and health when rolling toward enemies. (Rampage Regen)


Message History

The wraith is heavily damaged.
The bolt of light hits the kobold brigand!
The kobold brigand is severely wounded.
* * * LOW HITPOINT WARNING * * *
You feel very sick.
The wraith hits you but does no damage. x2
You feel better. You block the wraith's attack.
You hit the wraith. You burn the wraith.
The wraith is heavily damaged.
The wraith hits you but does no damage. The wraith hits you.
* * * LOW HITPOINT WARNING * * *
The wraith drains your vigour!
You feel as though you will be slow longer.
You whack the wraith! You burn the wraith.
The wraith is almost destroyed.
The wraith hits you!
* * * LOW HITPOINT WARNING * * *
The wraith drains your vigour!
You feel as though you will be slow longer.
Unknown command.
You closely miss the wraith.
The wraith is almost destroyed.
You block the wraith's attack.
Okay, then.
You hit the wraith but do no damage.
The wraith is almost destroyed.
The wraith hits you.
* * * LOW HITPOINT WARNING * * *
The wraith drains your vigour!
You feel as though you will be slow longer.
The kobold brigand throws a poisoned dart.
The poisoned dart barely misses the wraith.
The poisoned dart hits you!
You are lethally poisoned!
You hit the wraith but do no damage.
The wraith is almost destroyed.
* * * LOW HITPOINT WARNING * * *
You feel sick.
The kobold brigand is no longer blind.
You block the wraith's attack. The wraith hits you.
You die...

#.#
.....#..#......##......#
..#
.....#..#......##..#####
..# .#####..#####..##..#
..### #..#......##..#
....# #..#......##..#
..###
#..#..######..########
....#
#.)#..#).?##..........
.###
#..#..#(:[#...########
## #.)#.@WK.|##### #####
#..######## #.#.# #..#
#.# #####.#.#####.# #.#
#### ..............# #.#
#... ############### #.#
#.## #.###########.#
#.......<.....#
###############


You could see a wraith and a kobold brigand.

Vanquished Creatures
  An ice beast (D:5)
  A black bear (D:5)
  An ogre (D:5)
  A centaur (D:5)
  A phantom (D:5)
  A bullfrog (D:3)
  2 scorpions (D:5)
  A bombardier beetle (D:3)
  4 hounds
  2 orc priests (D:4)
  A gnoll bouda (D:5)
  Jessica (D:3)
  Natasha (thrice) (D:3)
  An orc wizard (D:4)
  2 adders
  2 ribbon worms (D:2)
  4 dart slugs
  8 orcs
  10 ball pythons
  6 endoplasms
  A giant cockroach (D:1)
  8 hobgoblins
  5 quokkas
  3 bats
  3 frilled lizards
  3 goblins
  3 kobolds
  4 rats
83 creatures vanquished.

Notes
Turn   | Place    | Note
-------+----------+-------------------------------------------
     0 | D:1      | Gadfly the Armataur Fighter began the quest for the Orb.
     0 | D:1      | Reached XP level 1. HP: 18/18 MP: 1/1
    61 | D:1      | Reached XP level 2. HP: 24/25 MP: 2/2
    72 | D:1      | Found Zaibrac's Distillery.
   352 | D:1      | Reached skill level 1 in Invocations
   352 | D:1      | Reached skill level 1 in Evocations
   425 | D:1      | Reached XP level 3. HP: 30/30 MP: 3/3
   508 | D:1      | Found a faded altar of an unknown god.
   633 | D:1      | Bought a potion of curing for 30 gold pieces
  1603 | D:1      | Bought a potion of heal wounds for 50 gold pieces
  1692 | D:3      | Reached skill level 4 in Armour
  1692 | D:3      | Reached XP level 4. HP: 37/38 MP: 5/5
  1760 | D:3      | Noticed Jessica
  1763 | D:3      | Killed Jessica
  1889 | D:3      | Reached XP level 5. HP: 17/45 MP: 6/6
  2115 | D:3      | Noticed Natasha
  2123 | D:3      | Killed Natasha
  2264 | D:3      | Found a white marble altar of Elyvilon.
  2272 | D:3      | Became a worshipper of Elyvilon the Healer
  2295 | D:3      | Found an ancient bone altar of Kikubaaqudgha.
  2369 | D:3      | Noticed Natasha
  2375 | D:3      | Killed Natasha
  2588 | D:3      | Noticed Natasha
  2601 | D:3      | Killed Natasha
  2608 | D:3      | Reached XP level 6. HP: 7/51 MP: 7/7
  3271 | D:4      | Reached * piety under Elyvilon
  3372 | D:4      | Found a hide-covered altar of Uskayaw.
  3597 | D:5      | Entered Level 5 of the Dungeon
  3629 | D:5      | Gained mutation: You regenerate magic and health when
                  | rolling toward enemies. (Rampage Regen) [Armataur growth]
  3629 | D:5      | Reached XP level 7. HP: 13/57 MP: 9/9
  3926 | D:5      | Found a shimmering altar of Xom.
  4258 | D:5      | Found a staircase to the Ecumenical Temple.
  4387 | D:5      | Reached skill level 5 in Armour
  4531 | D:5      | Reached XP level 8. HP: 56/66 MP: 11/11
  4577 | D:5      | HP: 2/66 [poisoned by a kobold brigand]
  4577 | D:5      | Slain by a wraith

Illustrated notes

Levels and vault maps discovered:
D:1:      zaba_arrival_water, layout_basic,
          shapermc_ecumenical_altar_mp_highgroup, serial_shops,
          nicolae_shop_advertising_works [nicolae_subvault_shop_adworks]
D:2:      wander_river, layout_basic, minmay_door_square, grunt_decor_fettered,
          minmay_gold_behind_fungi
D:3:      layout_rooms, mainiacjoe_overflow_two_lobes, uniq_jessica,
          uniq_natasha
D:4:      layout_cave_pools, eat_drink_and_be_merry_uskayaw
D:5:      kennysheep_windowed_halls, layout_loops_ring, amcnicky_altar_gilded,
          minmay_temple_entry_statues_fountains, eino_tiny_chamber,
          minmay_misc_feat_four_crosses

Skill      XL: |  1  2  3  4  5  6  7 |
---------------+----------------------+-----
Maces & Flails | 2 3 4 |  4.3
Invocations    | 1 2 3 4 |  4.1
Evocations     | 1 2 3 4 |  4.2
Fighting       | 3 4 |  4.0
Armour         | 4 5 |  5.1
Shields        | 4 |  4.7

Action                     |  1- 3 |  4- 6 |  7- 9 || total
---------------------------+-------+-------+-------++-------
  Melee: Flail             |   100 |    96 |       ||   196
         Tailslap          |    11 |    26 |     9 ||    46
         Whip              |       |    65 |    92 ||   157
  Evoke: Wand              |       |     2 |     2 ||     4
    Use: Scroll            |     7 |     3 |       ||    10
         Potion            |       |       |     5 ||     5
 Armour: Scale mail        |    68 |   137 |       ||   205
         Plate armour      |       |    30 |   108 ||   138
  Dodge: Dodged            |    33 |    58 |    19 ||   110
  Block: Buckler           |    30 |    62 |    24 ||   116
